 Dungeon Crawl Stone Soup version 0.25.1-2-g60ff931df9 (webtiles) character file.

Game seed: 16461425985766000229

46946 Chiseanne the Warrior (level 14, -12/163 HPs)
             Began as an Ogre Gladiator on Oct 7, 2020.
             Was an Initiate of Gozag.
             Mangled by a spriggan rider
             ... wielding a +0 spear
              (22 damage)
             ... on level 6 of the Lair of Beasts.
             The game lasted 01:00:19 (29679 turns).

Chiseanne the Warrior (Ogre Gladiator)             Turns: 29679, Time: 01:00:19

Health: -12/163    AC:  9    Str: 22    XL:     14   Next: 39%
Magic:  0/24       EV: 21    Int:  9    God:    Gozag
Gold:   3353       SH:  0    Dex: 13    Spells: 16/27 levels left

rFire    + . .     SeeInvis .   a - +5 scythe "Finisher" {speed, eviscerate}
rCold    . . .     Gourm    .   (shield currently unavailable)
rNeg     . . .     Faith    .   G - +2 robe {rF+}
rPois    .         Spirit   +   c - +2 hat
rElec    .         Reflect  .   k - +1 cloak
rCorr    .         Harm     .   (gloves unavailable)
MR       +....                  (boots unavailable)
Stlth    +.........             M - amulet of guardian spirit
HPRegen  0.37/turn              m - +4 ring of evasion
MPRegen  0.19/turn              (no ring)

@: sleeping, lightly drained
A: large, unfitting armour, tough skin 1
a: Potion Petition, Call Merchant, Bribe Branch, Renounce Religion


You were on level 6 of the Lair of Beasts.
You worshipped Gozag.
Gozag was most pleased with you.
You were full.

You visited 3 branches of the dungeon, and saw 20 of its levels.

You collected 6683 gold pieces.
You spent 1387 gold pieces at shops.
You paid 1943 gold pieces to Gozag.

Inventory:

Hand Weapons
 a - the +5 scythe "Finisher" (weapon) {speed, eviscerate}
   (You bought it in a shop on level 8 of the Dungeon)

   Attacks with this weapon are significantly faster.
 d - the +6 long sword of Aruihysch {flame, rPois MP+9}
   (You bought it in a shop on level 8 of the Dungeon)

   It has been specially enchanted to burn those struck by it, causing extra
   injury to most foes and up to half again as much damage against particularly
   susceptible opponents.
   Big, fiery blades are also staple armaments of hydra-hunters.
   It protects you from poison.
   It affects your magic capacity (+9).
 s - a +6 halberd of protection
Missiles
 e - 635 stones
 g - 96 sling bullets
 o - 92 bolts
 t - 384 arrows
 u - 2 curare-tipped darts
 y - 3 throwing nets
 C - 51 poisoned darts
 Q - 10 atropa-tipped darts
 R - 2 large rocks (quivered)
Armour
 c - a +2 hat (worn)
 k - a +1 cloak (worn)
 G - a +2 robe of fire resistance (worn)
 K - a +1 robe of positive energy
 T - a scarf of invisibility
Jewellery
 m - a +4 ring of evasion (left hand)
 p - an uncursed ring of protection from cold
 z - an uncursed ring of positive energy
 D - an uncursed ring of wizardry
 E - an uncursed ring of resist corrosion {unknown}
 I - an uncursed amulet of regeneration
 M - an amulet of guardian spirit (around neck)
 O - an uncursed ring of flight
 S - a +4 ring of evasion
Wands
 j - a wand of flame (48)
 v - a wand of digging (5)
 A - a wand of paralysis (11)
 P - a wand of polymorph (19)
 U - a wand of iceblast (1)
Scrolls
 h - a scroll of teleportation
 l - 2 scrolls of identify
 r - 9 scrolls of remove curse
 B - 5 scrolls of fog
 F - 3 scrolls of amnesia
 H - 3 scrolls of fear
 V - 2 scrolls of brand weapon
Potions
 b - a potion of curing
 i - a potion of stabbing
 n - 2 potions of brilliance
 w - 4 potions of lignification
 x - 2 potions of cancellation
 L - 2 potions of might
 N - a potion of flight
Comestibles
 f - 21 rations


   Skills:
 * Level 16.4(16.0) Fighting
   Level 3.0(2.7) Staves
 - Level 10.5(10.2) Throwing
 * Level 13.2(12.8) Dodging
 * Level 7.2(6.9) Spellcasting
 * Level 6.8(6.5) Translocations
 * Level 5.0(4.7) Evocations


You had 16 spell levels left.
You knew the following spells:

 Your Spells              Type           Power        Failure   Level  Hunger
a - Apportation           Tloc           ##....       1%          1    None
b - Blink                 Tloc           N/A          1%          2    ##.....
c - Controlled Blink      Tloc           N/A          100%        8    #######

Your spell library contained the following spells:

 Spells                   Type           Power        Failure   Level  Hunger
 Teleport Other           Tloc           ##......     4%          3    ###....
 Animate Skeleton         Necr           N/A          21%         1    None
 Beastly Appendage        Tmut           #.....       21%         1    None
 Corona                   Hex            #......      21%         1    None
 Summon Small Mammal      Summ           #...         21%         1    None
 Call Imp                 Summ           #.......     30%         2    ##.....
 Corpse Rot               Necr/Air       N/A          30%         2    ##.....
 Sticks to Snakes         Tmut           #.......     30%         2    ##.....
 Swiftness                Chrm/Air       #.......     30%         2    ##.....
 Call Canine Familiar     Summ           #.......     52%         3    ###....
 Spider Form              Tmut/Pois      #.........   52%         3    ###....
 Summon Guardian Golem    Hex/Summ       #.......     52%         3    ###....
 Ice Form                 Ice/Tmut       #.......     90%         4    ####...
 Summon Ice Beast         Ice/Summ       #.......     90%         4    ####...
 Summon Lightning Spire   Summ/Air       #.......     90%         4    ####...
 Blade Hands              Tmut           #.........   99%         5    ######.


Dungeon Overview and Level Annotations

Branches:
Dungeon (13/15)            Temple (1/1) D:7            Lair (6/6) D:10
 Shoals (0/4) Lair:3        Snake (0/4) Lair:4        Slime (0/5) Lair:6
    Orc (0/2) D:12
 Vaults: D:13-14

Altars:
Ashenzari
Cheibriados
Dithmenos
Fedhas
Gozag
Hepliaklqana
Kikubaaqudgha
Nemelex Xobeh
Okawaru
Qazlal
Ru
Sif Muna
Trog
Uskayaw
Vehumet
Wu Jian
Yredelemnul
Zin
The Shining One

Shops:
D:8 (*(   D:10 (((   D:12 }*   D:13 [

Annotations:
D:3 exclusion: upstairs
D:9 3 runed translucent doors, Thomus's ghost, novice MiBe
D:12 2 runed translucent doors, exclusion: orange crystal statue
D:13 Rupert


Innate Abilities, Weirdness & Mutations

You are too large for most types of armour.
You have tough skin. (AC +1)


Message History

* * * LOW HITPOINT WARNING * * *
You hear a bleat!
The spriggan rider misses you.
You bump into the tree.
The spriggan rider hits you with a +0 spear!
* * * LOW HITPOINT WARNING * * *
Okay, then.
You bump into the tree.
You feel less invigorated.
You feel less confused.
A dream sheep comes into view.
The spriggan rider hits you with a +0 spear.
* * * LOW HITPOINT WARNING * * *
You hit the hornet.
The hornet is almost dead.
The dream sheep shakes its wool and sparkles.
You feel drowsy...
You fall asleep.
The hornet completely misses you.
The spriggan rider hits you with a +0 spear!!
You die...
Your body crumbles into a pile of gold.

..... .....
..... .....
.....
......... ♣
..........
♣. ♣♣♣♣♣
..........
♣$ ♣♣@i.♣
♣........
♣♣.♣♣♣y.♣♣.♣
♣........
♣...♣.♣♣♣ .♣
♣........
♣$)♣♣ i♣
♣.......
♣♣Y♣♣ ♣
♣.......
♣♣.♣
♣♣......
♣.♣♣ ♣♣.....
♣..♣ ♣.....
♣. ♣♣.♣ $
♣♣....


You could see a spriggan rider, a hornet and a dream sheep.

Vanquished Creatures
  Erolcha (D:9)
  Josephine (D:12)
  Erica (D:11)
  A centaur warrior (D:8)
  5 hydras
  A slime creature (D:12)
  2 unseen horrors (D:12)
  Pikel (D:9)
  A wolf spider zombie (D:12)
  An ugly thing (D:12)
  2 manticores
  A cyclops (D:13)
  A merfolk siren (Lair:3)
  5 elephants (Lair:4)
  3 centaur zombies
  2 gargoyles (D:11)
  6 black mambas
  A torpor snail (Lair:3)
  7 komodo dragons
  10 spiny frogs
  A kobold demonologist (D:11)
  3 rime drakes
  3 trolls
  4 polar bears (Lair:6)
  5 hornets (Lair:6)
  3 merfolk (Lair:3)
  7 dream sheep (Lair:4)
  6 blink frogs
  7 hippogriffs
  8 spriggans (Lair:6)
  5 wraiths (D:12)
  A shadow (D:11)
  17 yaks
  A basilisk (D:12)
  2 wyverns
  2 steam dragons
  8 porcupines
  Duvessa (D:7)
  19 water moccasins
  3 slaves (D:9)
  4 sky beasts
  3 orc warriors
  3 ice beasts
  3 black bears
  4 ogres
  A necrophage (D:8)
  4 boggarts (Lair:6)
  11 centaurs
  29 wolves
  7 crocodiles
  4 big kobolds
  15 bullfrogs
  Dowan (D:7)
  5 scorpions
  A water moccasin skeleton (D:8)
  7 killer bees
  2 howler monkeys
  A jelly (D:10)
  16 wights
  7 electric eels
  4 crimson imps
  A bullfrog skeleton (D:10)
  2 centaur skeletons
  8 orc priests
  8 hounds
  10 orc wizards
  4 hell rats (Lair:6)
  3 iguanas
  11 worker ants
  A hound zombie (D:11)
  A hound skeleton (D:8)
  3 worker ant zombies
  2 howler monkey skeletons
  3 gnolls
  25 adders
  7 shadow imps
  An ooze (D:3)
  An adder skeleton (D:4)
  4 worms
  4 dart slugs
  9 leopard geckos
  36 orcs
  3 ball pythons
  5 giant cockroaches
  3 goblins
  3 hobgoblins
  10 jackals
  5 quokkas
  7 bats
  A frilled lizard (D:3)
  A jackal skeleton (D:5)
  21 kobolds
  4 rats
  A fungus (Lair:4)
  A plant (D:7)
500 creatures vanquished.

Vanquished Creatures (others)
  A slave (D:9)
  A hound (D:9)
  2 fungi
  10 plants
14 creatures vanquished.

Grand Total: 514 creatures vanquished

Notes
Turn   | Place    | Note
-------+----------+-------------------------------------------
     0 | D:1      | Chiseanne the Ogre Gladiator began the quest for the Orb.
     0 | D:1      | Reached XP level 1. HP: 22/22 MP: 1/1
   164 | D:1      | Reached skill level 3 in Fighting
   267 | D:1      | Reached XP level 2. HP: 31/31 MP: 2/2
   974 | D:2      | Reached XP level 3. HP: 23/39 MP: 3/3
  1317 | D:2      | Reached skill level 4 in Fighting
  1459 | D:2      | Found a shadowy altar of Dithmenos.
  1666 | D:3      | Reached skill level 10 in Fighting
  1666 | D:3      | Reached XP level 4. HP: 7/62 MP: 4/4
  2053 | D:3      | Reached XP level 5. HP: 60/70 MP: 5/5
  3312 | D:3      | Reached XP level 6. HP: 61/79 MP: 6/6
  4862 | D:4      | Reached XP level 7. HP: 87/87 MP: 7/7
  4994 | D:5      | Entered Level 5 of the Dungeon
  5877 | D:5      | Reached XP level 8. HP: 86/96 MP: 8/8
  7235 | D:6      | Found an iron altar of Okawaru.
  7967 | D:7      | Noticed Duvessa
  7969 | D:7      | Reached skill level 5 in Throwing
  7988 | D:7      | Killed Duvessa
  8034 | D:7      | Noticed Dowan
  8043 | D:7      | Killed Dowan
  8048 | D:7      | Reached XP level 9. HP: 64/102 MP: 9/9
  8996 | D:7      | Learned a level 1 spell: Apportation
  9460 | D:7      | Found a staircase to the Ecumenical Temple.
  9483 | Temple   | Entered the Ecumenical Temple
  9537 | Temple   | Became a worshipper of Gozag Ym Sagoz the Greedy
  9704 | D:7      | Reached skill level 1 in Spellcasting
 10037 | D:8      | Reached skill level 11 in Fighting
 10654 | D:8      | Reached XP level 10. HP: 108/114 MP: 13/13
 10716 | D:8      | Noticed a centaur warrior
 10730 | D:8      | Killed a centaur warrior
 10730 | D:8      | Reached skill level 10 in Dodging
 11407 | D:8      | Identified a scroll of acquirement
 11407 | D:8      | Acquired 2540 gold pieces
 11413 | D:8      | Bought an ichor-stained long sword for 280 gold pieces
 11414 | D:8      | Identified the +6 long sword of Aruihysch {flame, rPois
                  | MP+9} (You bought it in a shop on level 8 of the Dungeon)
 11420 | D:8      | Bought the +5 scythe "Finisher" {speed, eviscerate} for
                  | 1107 gold pieces
 11420 | D:8      | Found the +5 scythe "Finisher" {speed, eviscerate}
 11597 | D:9      | Noticed Pikel
 11621 | D:9      | Reached skill level 12 in Fighting
 11649 | D:9      | Found a runed translucent gate.
 11656 | D:9      | Killed Pikel
 11935 | D:9      | Found a runed translucent gate.
 11937 | D:9      | Found a runed translucent gate.
 11937 | D:9      | Noticed Thomus's ghost (novice MiBe)
 12008 | D:9      | Noticed Erolcha
 12021 | D:9      | Killed Erolcha
 12021 | D:9      | Reached skill level 5 in Spellcasting
 12021 | D:9      | Reached XP level 11. HP: 72/123 MP: 18/18
 12718 | D:10     | Entered Level 10 of the Dungeon
 12725 | D:10     | Found a staircase to the Lair.
 13139 | D:10     | Found Cauc's Antique Weapon Boutique.
 13220 | D:10     | Found Eddifri's Antique Weapon Shop.
 13246 | D:10     | Found Feownaifyk's General Store.
 13366 | D:10     | Found Neomuthri's Weapon Shoppe.
 13740 | D:11     | Noticed a manticore
 13852 | D:11     | Killed a manticore
 13981 | D:11     | Reached skill level 1 in Translocations
 14370 | D:11     | Noticed Erica
 14390 | D:11     | Killed Erica
 14390 | D:11     | Reached skill level 13 in Fighting
 14412 | D:11     | Found a sacrificial altar of Ru.
 15045 | D:11     | Noticed a sun demon
 15495 | D:11     | Noticed a sixfirhy
 15662 | D:12     | Found a staircase to the Orcish Mines.
 15673 | D:12     | Reached XP level 12. HP: 125/136 MP: 21/21
 15916 | D:12     | Found Pegafan's Mass Market.
 15918 | D:12     | Found Tusu Zem's Gadget Shop.
 15974 | D:12     | Noticed Josephine
 15984 | D:12     | Found a runed translucent door.
 15997 | D:12     | Found the +10 tower shield of Ignorance {rN+ Int-4}
 16125 | D:12     | Found a runed translucent door.
 16444 | D:12     | Killed Josephine
 16730 | D:12     | Reached skill level 14 in Fighting
 17503 | D:12     | Reached skill level 10 in Throwing
 17556 | D:13     | Found Xiyladov's Armour Shop.
 17742 | D:13     | Reached skill level 5 in Translocations
 17854 | D:13     | Noticed Rupert
 18044 | Lair:1   | Entered Level 1 of the Lair of Beasts
 18915 | Lair:1   | Noticed a six-headed hydra
 18953 | Lair:1   | Killed a two-headed hydra
 18953 | Lair:1   | Reached XP level 13. HP: 67/148 MP: 22/22
 20591 | Lair:2   | Reached skill level 1 in Evocations
 20654 | Lair:2   | Reached skill level 15 in Fighting
 21591 | Lair:3   | Found a staircase to the Shoals.
 23299 | Lair:3   | HP: 5/150 [wolf (7)]
 24240 | Lair:4   | Found a staircase to the Snake Pit.
 25453 | Lair:4   | Acquired the Disquisition on Flying Displacement
 25458 | Lair:4   | Learned a level 2 spell: Blink
 25467 | Lair:4   | Learned a level 8 spell: Controlled Blink
 25759 | Lair:5   | Reached skill level 16 in Fighting
 25967 | Lair:5   | Found a dark tunnel.
 26299 | Lair:5   | Reached XP level 14. HP: 140/162 MP: 20/23
 26646 | Lair:6   | Entered Level 6 of the Lair of Beasts
 29060 | Lair:6   | Reached skill level 5 in Evocations
 29073 | Lair:6   | HP: 7/163 [spriggan rider/+0 spear (10)]
 29077 | Lair:6   | HP: 1/163 [spriggan rider/+0 spear (9)]
 29078 | Lair:6   | Found a staircase to the Slime Pits.
 29659 | Lair:6   | Paralysed by a hornet for 2 turns
 29661 | Lair:6   | HP: 7/163 [poisoned by a hornet]
 29675 | Lair:6   | HP: 4/163 [spriggan rider/+0 spear (17)]
 29679 | Lair:6   | Mangled by a spriggan rider

Illustrated notes

Levels and vault maps discovered:
D:1:      giann_bridges, layout_basic
D:2:      layout_loops_cross, old_standard_altar, serial_glass, glass_columns_b,
          glass_columns_a, item_on_display_a, bh_chokoban,
          chequers_serial_rivers_marsh
D:3:      layout_loops_ring
D:4:      layout_cave_pools
D:5:      layout_cave_pools, first_ration
D:6:      layout_loops_corners, okawaru_altar_gauntlet_db
D:7:      layout_loops_ring, minmay_temple_entry_proselytizer, serial_bayou,
          serial_bayou_pond_e, serial_bayou_pond_c, serial_bayou_lagoon_a,
          serial_bayou_shore_b, serial_bayou_pond_b, serial_bayou_pond_d,
          uniq_duvessa
D:8:      kennysheep_windowed_halls, layout_basic
D:9:      layout_roguey, ebering_ghost_rock_garden, uniq_erolcha, uniq_pikel
D:10:     layout_long_grid, erik_lair_island, serial_shops, shop_statue,
          nicolae_shop_trees, shop, nicolae_shop_crystal, blue_anna_alchemist
          [blue_anna_fruit_fields, blue_anna_fruit_fields], st_stairs_8
D:11:     layout_layer_cave, nicolae_ru_path_of_blood, uniq_erica
D:12:     layout_basic, orc_0_dummy, serial_shops, shop, serial_curves,
          eino_curves_03, eino_curves_01, minmay_shop_mass,
          chequers_guarded_unrand_ignorance, uniq_josephine
D:13:     layout_gridville, serial_shops, shop_fountains, uniq_rupert
Temple:   nicolae_temple_the_god_donut
Lair:1:   layout_hall_layers, lemuel_fruit_tree, lemuel_fruit_fields,
          lemuel_fruit_fields
Lair:2:   layout_long_grid, grunt_megastairs_2, infiniplex_staircase_pool_2,
          lemuel_fruit_fields
Lair:3:   layout_chaotic_city, elwin_shoals_entry_stream, grunt_megastairs_1
Lair:4:   layout_cave_pods, minmay_snake_entry_six_corridors,
          infiniplex_staircase_pool
Lair:5:   layout_cave_shapes, nicolae_volcano_entry_s_turn
Lair:6:   minmay_lair_end_enchanted_forest, layout_regular_city,
          minmay_slime_entry_jelly_boxes, serial_bayou_pond_e,
          chequers_serial_rivers_small_3, serial_bayou_pond_e,
          grunt_megastairs_5

Skill      XL: |  1  2  3  4  5  6  7  8  9 10 11 12 13 14 |
---------------+-------------------------------------------+-----
Fighting       | 3 10 11 12 13 14 16 | 16.4
Dodging        | 3 7 8 9 10 11 12 13 | 13.2
Throwing       | 3 5 6 7 9 10 | 10.5
Spellcasting   | 2 5 6 7 |  7.2
Translocations | 3 5 6 |  6.8
Evocations     | 4 5 |  5.0
Staves         | |  3.0

Action                   |  1- 3 |  4- 6 |  7- 9 | 10-12 | 13-15 || total
-------------------------+-------+-------+-------+-------+-------++-------
Melee: Quarterstaff      |    90 |    42 |       |       |       ||   132
       War axe           |       |   112 |    43 |       |       ||   155
       Halberd           |       |    39 |   334 |   110 |    34 ||   517
       Scythe            |       |       |       |   454 |   620 ||  1074
       Long sword        |       |       |       |     6 |    19 ||    25
Throw: Stone             |       |     2 |     7 |       |    42 ||    51
       Dart              |       |       |     8 |    10 |       ||    18
       Throwing net      |       |       |     5 |     1 |       ||     6
       Boomerang         |       |       |       |    23 |    39 ||    62
       Large rock        |       |       |       |       |     8 ||     8
Invok: Call Merchant     |       |       |       |     3 |       ||     3
Evoke: Wand              |       |       |    16 |    15 |     6 ||    37
  Use: Scroll            |     3 |     3 |     7 |    14 |    13 ||    40
       Potion            |     1 |     2 |     1 |     3 |     4 ||    11
 Stab: Sleeping          |       |     1 |       |     1 |       ||     2
       Invisible         |       |       |     1 |     1 |       ||     2
       Distracted        |       |       |       |     1 |     4 ||     5
  Eat: Chunk             |     2 |    11 |     8 |       |       ||    21
       Ration            |       |       |     4 |     7 |    12 ||    23
Armor: Robe              |    21 |    30 |   101 |   109 |   162 ||   423
Dodge: Dodged            |    54 |   147 |   258 |   556 |  1116 ||  2131
Block: Other             |       |       |    96 |   161 |    53 ||   310
       Reflection        |       |       |     9 |     4 |       ||    13
       Rpst.: Long sword |       |       |       |     1 |     7 ||     8
